 Dungeon Crawl Stone Soup version 0.28.0-43-g3370ac3207 (webtiles) character file.

Game seed: 4892238720147738400

31508 tizbic2 the Pandemonic (level 13, -13/101 HPs)
             Began as a Demonspawn Hunter on Mar 17, 2022.
             Was a High Priest of Makhleb.
             Mangled by a lindwurm (16 damage)
             ... summoned by Kirke
             ... on level 5 of the Lair of Beasts.
             The game lasted 01:23:18 (16297 turns).

tizbic2 the Pandemonic (Demonspawn Hunter)         Turns: 16297, Time: 01:23:20

Health: -13/101    AC:  0    Str: 17    XL:     13   Next: 26%
Magic:  0/24       EV: 15    Int: 13    God:    Makhleb [*****.]
Gold:   626        SH:  0    Dex: 14    Spells: 12/12 levels left

rFire   . . .      SeeInvis .   (weapon currently unavailable)
rCold   . . .      Faith    .   (shield currently unavailable)
rNeg    . . .      Spirit   +   (armour currently unavailable)
rPois   .          Reflect  .   (helmet currently unavailable)
rElec   .          Harm     .   (cloak currently unavailable)
rCorr   .          Rampage  .   (gloves currently unavailable)
Will    .....                   (boots currently unavailable)
Stlth   ++........              G - amulet of guardian spirit
HPRegen 0.26/turn               (ring currently unavailable)
MPRegen 0.19/turn               (ring currently unavailable)

@: pig-form, slowed
A: fast, no casting, small, (thin metallic scales 2), icemail 1, condensation
shield, demonic magic 2, (demonic touch 2)
a: Renounce Religion, Minor Destruction, Lesser Servant of Makhleb, Major
Destruction, Greater Servant of Makhleb


You were on level 5 of the Lair of Beasts.
You worshipped Makhleb.
Makhleb was extremely pleased with you.
You were a filthy swine.
You visited 2 branches of the dungeon, and saw 15 of its levels.
You also visited: Sewer.

You collected 878 gold pieces.
You spent 252 gold pieces at shops.

Inventory:

Hand Weapons
 a - a +2 dagger of protection
 j - the +9 mace of Makhleb's Respect (melded) {drain, rElec rF+ Int+7}
   (You found it on level 4 of the Lair of Beasts)

   A truly terrible weapon, it drains the life of any living foe it strikes.
   Int:       It affects your intelligence (+7).
   rF:        It protects you from fire.
   rElec:     It insulates you from electricity.
 w - a +3 hand crossbow
 D - a +2 vampiric spear
Missiles
 c - 391 stones
 d - 30 bolts
 f - 5 datura-tipped darts
 s - 8 boomerangs (quivered)
 t - 29 poisoned darts
 C - 8 curare-tipped darts
 P - 4 atropa-tipped darts
 R - a throwing net
Armour
 k - the +6 plate armour of Twilight (melded) {rC+ Int+4}
   (You found it on level 3 of the Dungeon)

   Int:       It affects your intelligence (+4).
   rC:        It protects you from cold.
 m - a +2 kite shield (melded)
 n - a +2 helmet (melded)
 p - a +0 cloak (melded)
 J - a +0 pair of gloves (melded)
Jewellery
 l - a +4 ring of evasion (melded)
 x - a +6 ring of dexterity (melded)
 G - an amulet of guardian spirit (around neck)
 K - a +6 ring of intelligence
 N - the ring "Rar Qau" {rN+ Will- rCorr EV+4}
   (You found it on level 1 of the Lair of Beasts)

   [ring of evasion]

   EV:        It affects your evasion (+4).
   rN:        It protects you from negative energy.
   rCorr:     It protects you from acid and corrosion.
   Will:      It decreases your willpower.
Wands
 o - a wand of iceblast (22)
 v - a wand of digging (2)
 A - a wand of acid (10)
 B - a wand of flame (26)
 V - a wand of polymorph (5)
 W - a wand of mindburst (4)
Scrolls
 e - 6 scrolls of teleportation
 y - 3 scrolls of amnesia
 z - 2 scrolls of fear
 E - a scroll of acquirement {unknown}
 F - a scroll of silence
 H - 2 scrolls of blinking
 I - 2 scrolls of identify
 Q - 2 scrolls of fog
 T - a scroll of summoning {unknown}
Potions
 b - a potion of might
 g - a potion of attraction
 h - 2 potions of lignification
 i - a potion of berserk rage
 q - a potion of ambrosia
 r - 4 potions of curing
 u - a potion of magic
 L - 2 potions of brilliance
 S - a potion of invisibility
 X - a potion of flight {unknown}


   Skills:
 - Level 9.2 Fighting
 + Level 5.5 Maces & Flails
 - Level 11.0 Crossbows
 - Level 7.4 Armour
 - Level 3.0 Dodging
 - Level 0.9 Stealth
 - Level 7.5 Shields
 - Level 15.5 Invocations


You had 12 spell levels left.
You didn't know any spells.
Your spell library contained the following spells:

 Spells                   Type           Power      Damage    Failure   Level
 Magic Dart               Conj           0%         1d3       30%         1
 Shock                    Conj/Air       0%         1d3       30%         1
 Blink                    Tloc           0%         N/A       43%         2
 Call Imp                 Summ           0%         N/A       43%         2
 Sublimation of Blood     Necr           0%         N/A       43%         2
 Wereblood                Tmut           0%         N/A       43%         2
 Inner Flame              Hex/Fire       0%         N/A       67%         3
 Lesser Beckoning         Tloc           0%         N/A       67%         3
 Mephitic Cloud           Conj/Pois/Air  0%         N/A       67%         3
 Swiftness                Air            0%         N/A       67%         3
 Airstrike                Air            0%         N/A       97%         4
 Cause Fear               Hex            0%         N/A       97%         4
 Fireball                 Conj/Fire      0%         3d3       100%        5
 Iskenderun's Battlesphe  Conj           0%         2d6       100%        5
 Manifold Assault         Tloc           0%         N/A       100%        5
 Conjure Ball Lightning   Conj/Air       0%         3x3d6     100%        6
 Dispersal                Tloc           0%         N/A       100%        6
 Orb of Destruction       Conj           0%         9d5       100%        7
 Summon Hydra             Summ           0%         N/A       100%        7
 Discord                  Hex            0%         N/A       100%        8
 Disjunction              Tloc           0%         N/A       100%        8


Dungeon Overview and Level Annotations

Branches:
Dungeon (10/15)            Temple (0/1) D:5            Lair (5/6) D:10
  Swamp (0/4) Lair:2       Spider (0/4) Lair:4        Sewer (visited)
  Slime: Lair:5-6       Orc: D:9-12

Altars:
Cheibriados
Dithmenos
Fedhas
Hepliaklqana
Makhleb
Vehumet
Xom
The Shining One

Shops:
D:3 [   D:10 :

Annotations:
D:9 exclusion: oklob plant
D:10 1 runed translucent door, tizbic2's ghost, journeyman DrVM
Lair:4 3 runed translucent doors, Bananafolds's ghost, journeyman MfSk
Lair:5 Kirke


Innate Abilities, Weirdness & Mutations

You are a filthy swine.
You move quickly.
Your equipment is almost entirely melded.
You are incapable of wielding weapons or throwing items.
You cannot cast spells.
((You are mostly covered in thin metallic scales. (AC +3)))
A meltable icy envelope protects you from harm. (AC +0)
A meltable shield of frost defends you. (SH +0)
Spells you cast may paralyse nearby enemies.
((Your touch may inflict irresistible damage on your foes.))


Message History

Kirke summons a lindwurm!
Kirke misses you.
You hit Kirke.
Kirke is severely wounded.
Kirke barely misses you.
You closely miss Kirke.
Kirke is severely wounded.
The lindwurm breathes flames at you. The blast of flame hits you!!
Your icy defenses dissipate!
Kirke hits you!
You bite Kirke!
Kirke is severely wounded.
Kirke barely misses you.
You bite Kirke!
Kirke is almost dead.
Kirke gestures at you while chanting.
You struggle to resist.
The lindwurm bites you. The lindwurm claws you. x2
You hit Kirke.
Kirke is almost dead.
Kirke holds her sides and says, "You'll eat dirt beneath my feet."
Kirke misses you. The lindwurm bites you. The lindwurm barely misses you.
The lindwurm claws you!
You barely miss Kirke.
Kirke is almost dead.
Kirke hits you! The lindwurm closely misses you. The lindwurm misses you. x2
You bite Kirke!
Kirke is almost dead.
Kirke hits you.
* * * LOW HITPOINT WARNING * * *
The lindwurm closely misses you. The lindwurm claws you!
* * * LOW HITPOINT WARNING * * *
The lindwurm closely misses you. Kirke hits you.
* * * LOW HITPOINT WARNING * * *
You feel better. The lindwurm breathes flames at you.
The blast of flame hits you!!
* * * LOW HITPOINT WARNING * * *
Kirke casts a spell at you.
You feel a momentary urge to oink. The lindwurm bites you!
You die...

...# #...............P#
..## #.P..............#
.## #.
##........####P.#.# .#
##...#P.....^..#.#...###
F###....##............#.#
h.##....P#...........# .#
.##.......#..........# .#
......#.......P#.##.
.###..#.#.......h##.PP.
.F.#..# ##......k@..PP..
.....####...........PP..
........................
.#.####..PP.##.....##.##
#..P #########....# #
##..# ###### ####


You could see Kirke and a lindwurm (summoned, catching breath).

Vanquished Creatures
  4 hydras
  A catoblepas (Lair:4)
  2 lindwurms
  9 elephants (Lair:4)
  5 black mambas
  A torpor snail (Lair:4)
  A rime drake (Lair:1)
  11 cane toads
  5 komodo dragons
  A polar bear (Lair:4)
  A hornet (D:7)
  7 blink frogs
  6 wyverns
  5 hogs
  20 yaks
  4 basilisks
  2 steam dragons
  A swamp worm (Lair:2)
  11 water moccasins
  Pargi (Sewer)
  A hornet zombie (D:7)
  2 orc warriors
  2 necrophages
  A black bear (D:4)
  6 wolves
  An ogre (D:5)
  2 centaurs
  2 kobold brigands
  19 bullfrogs
  7 scorpions
  A wyvern zombie (D:6)
  A water moccasin zombie (D:5)
  3 killer bees (D:8)
  8 wights
  An electric eel (Lair:2)
  4 howler monkeys
  2 centaur zombies
  3 hounds
  A jelly (Lair:5)
  4 orc priests
  Crazy Yiuf (D:3)
  Ijyb (D:3)
  4 orc wizards
  A killer bee zombie (D:7)
  A howler monkey skeleton (D:5)
  6 adders
  2 river rats (D:3)
  3 white imps
  2 worms
  2 dart slugs
  19 orcs
  6 endoplasms
  6 giant cockroaches
  8 goblins
  7 hobgoblins
  10 jackals
  4 quokkas
  9 ball pythons
  16 bats
  3 frilled lizards
  16 kobolds
  6 rats
302 creatures vanquished.

Vanquished Creatures (collateral kills)
  Sonja (Lair:2)
  A bog body (Lair:2)
  An ugly thing (D:8)
  3 elephants (Lair:3)
  A black mamba (Lair:3)
  A cane toad (Lair:3)
  Grinder (D:5)
  5 yaks (Lair:3)
  A swamp worm (Lair:2)
  A black bear (Lair:3)
  An orc warrior (D:9)
  2 ogres (D:5)
  A bullfrog (D:9)
  6 killer bees (D:8)
  3 wights (D:8)
  A howler monkey (D:5)
  An orc priest (D:9)
  A shadow imp (D:5)
  7 orcs
  A jackal (D:5)
  6 kobolds (D:8)
46 creatures vanquished.

Vanquished Creatures (others)
  Maurice (D:10)
  37 fungi
  31 plants
  10 toadstools (D:9)
79 creatures vanquished.

Grand Total: 427 creatures vanquished

Notes
Turn   | Place    | Note
-------+----------+-------------------------------------------
     0 | D:1      | tizbic2 the Demonspawn Hunter began the quest for the Orb.
     0 | D:1      | Reached XP level 1. HP: 16/16 MP: 1/1
   315 | D:1      | Gained mutation: A meltable shield of frost defends you.
                  | (SH +0) [demonic ancestry]
   315 | D:1      | Reached XP level 2. HP: 16/22 MP: 2/2
   810 | D:1      | Found a faded altar of an unknown god.
   835 | D:1      | Prayed at the altar of an unknown god.
   835 | D:1      | Became a worshipper of Makhleb the Destroyer
   835 | D:1      | Reached * piety under Makhleb
   948 | D:2      | Gained mutation: Spells you cast may paralyse adjacent
                  | enemies. [demonic ancestry]
   948 | D:2      | Reached XP level 3. HP: 28/28 MP: 3/3
  1067 | D:2      | Reached skill level 1 in Invocations
  1282 | D:2      | Gained mutation: You are partially covered in thin metallic
                  | scales. (AC +2) [demonic ancestry]
  1282 | D:2      | Reached XP level 4. HP: 34/34 MP: 5/5
  1363 | D:2      | Reached ** piety under Makhleb
  1376 | D:2      | Reached skill level 2 in Invocations
  1668 | D:3      | Identified the +3 leather armour of Least Resistance {+Inv
                  | rCorr Int-4}
  1700 | D:3      | Found Xewofoasa's Armour Shop.
  1724 | D:3      | Identified the +6 plate armour of Twilight {rC+ Int+4}
  1753 | D:3      | Bought a +0 kite shield for 54 gold pieces
  1940 | D:3      | Found a glowing drain.
  1949 | Sewer    | Entered a sewer
  1995 | Sewer    | Noticed Pargi
  2003 | Sewer    | Killed Pargi
  2004 | Sewer    | Reached skill level 5 in Crossbows
  2004 | Sewer    | Reached skill level 3 in Invocations
  2004 | Sewer    | Gained mutation: Your touch may inflict minor irresistible
                  | damage on your foes. [demonic ancestry]
  2004 | Sewer    | Reached XP level 5. HP: 40/41 MP: 7/7
  2284 | D:3      | Noticed Ijyb
  2289 | D:3      | Killed Ijyb
  2290 | D:3      | Reached skill level 4 in Invocations
  2576 | D:3      | Found a runed translucent door.
  2577 | D:3      | Noticed Crazy Yiuf
  2586 | D:3      | Killed Crazy Yiuf
  2587 | D:3      | Gained mutation: A meltable icy envelope protects you from
                  | harm. (AC +0) [demonic ancestry]
  2587 | D:3      | Reached XP level 6. HP: 27/47 MP: 6/9
  2755 | D:3      | Found a sparkling altar of Nemelex Xobeh.
  2757 | D:3      | Found a shimmering altar of Xom.
  2757 | D:3      | Found a radiant altar of Vehumet.
  2760 | D:3      | Found a hazy altar of Hepliaklqana.
  2760 | D:3      | Found a snail-covered altar of Cheibriados.
  3126 | D:4      | Reached *** piety under Makhleb
  3484 | D:4      | Reached skill level 1 in Shields
  3484 | D:4      | Reached skill level 5 in Invocations
  3493 | D:4      | Gained mutation: You are mostly covered in thin metallic
                  | scales. (AC +3) [demonic ancestry]
  3493 | D:4      | Reached XP level 7. HP: 28/53 MP: 10/10
  4175 | D:5      | Entered Level 5 of the Dungeon
  4268 | D:5      | Noticed Grinder
  4269 | D:5      | Paralysed by Grinder for 4 turns
  4306 | D:5      | Killed Grinder
  4307 | D:5      | Reached skill level 6 in Invocations
  4338 | D:5      | Reached XP level 8. HP: 49/61 MP: 12/12
  4401 | D:5      | Reached skill level 7 in Invocations
  4772 | D:5      | Found a staircase to the Ecumenical Temple.
  5070 | D:6      | Reached skill level 5 in Fighting
  5208 | D:6      | Reached skill level 8 in Invocations
  5778 | D:7      | Reached XP level 9. HP: 66/68 MP: 15/15
  5799 | D:7      | Paralysed by a hornet for 2 turns
  5943 | D:6      | Reached skill level 1 in Armour
  5943 | D:6      | Reached skill level 9 in Invocations
  6465 | D:3      | Bought a +2 helmet for 198 gold pieces
  7015 | D:8      | Reached **** piety under Makhleb
  7104 | D:8      | Reached skill level 10 in Invocations
  7231 | D:8      | Noticed a cyan ugly thing
  7245 | D:8      | Killed a brown ugly thing
  7432 | D:8      | Found a radiant altar of Vehumet.
  7579 | D:9      | Found a shadowy altar of Dithmenos.
  7681 | D:9      | Found a blossoming altar of Fedhas.
  7692 | D:9      | Noticed an oklob plant
  7971 | D:9      | Gained mutation: Spells you cast may paralyse nearby
                  | enemies. [demonic ancestry]
  7971 | D:9      | Reached XP level 10. HP: 46/76 MP: 17/17
  8355 | D:9      | Found a burning altar of Makhleb.
  8603 | D:10     | Entered Level 10 of the Dungeon
  8607 | D:10     | Found a runed translucent door.
  8615 | D:10     | Found Revuent's Book Emporium.
  8623 | D:10     | Noticed tizbic2's ghost (journeyman DrVM)
  8664 | D:10     | Found a staircase to the Lair.
  8715 | D:10     | Reached skill level 11 in Invocations
  9094 | D:10     | Reached skill level 5 in Shields
  9383 | D:10     | Noticed Maurice
  9399 | D:10     | Killed Maurice
  9648 | Lair:1   | Entered Level 1 of the Lair of Beasts
  9715 | Lair:1   | Reached skill level 12 in Invocations
 10029 | Lair:1   | Identified the ring "Rar Qau" {rN+ Will- rCorr EV+4}
 10143 | Lair:1   | Reached XP level 11. HP: 77/84 MP: 20/20
 10820 | Lair:2   | Reached skill level 10 in Crossbows
 10989 | Lair:2   | Reached skill level 13 in Invocations
 11607 | Lair:2   | Noticed a six-headed hydra
 11619 | Lair:2   | Killed a six-headed hydra
 11620 | Lair:2   | Reached skill level 5 in Armour
 11719 | Lair:2   | Noticed Sonja
 11751 | Lair:2   | Killed Sonja
 11873 | Lair:2   | Noticed a bog body
 11889 | Lair:2   | Killed a bog body
 11907 | Lair:2   | Found a staircase to the Swamp.
 12289 | Lair:3   | Reached ***** piety under Makhleb
 12322 | Lair:3   | Reached XP level 12. HP: 88/93 MP: 20/22
 12366 | Lair:3   | Noticed an eight-headed hydra
 12381 | Lair:3   | Killed an eight-headed hydra
 12458 | Lair:3   | Noticed a five-headed hydra
 12468 | Lair:3   | Killed a five-headed hydra
 12469 | Lair:3   | Reached skill level 14 in Invocations
 13305 | Lair:4   | Reached skill level 15 in Invocations
 13559 | Lair:4   | Found a hole to the Spider Nest.
 13955 | Lair:4   | Found a runed translucent gate.
 13959 | Lair:4   | Found a runed translucent gate.
 13959 | Lair:4   | Found a runed translucent gate.
 13959 | Lair:4   | Noticed a 13-headed hydra
 13959 | Lair:4   | Noticed Bananafolds's ghost (journeyman MfSk)
 13959 | Lair:4   | Noticed a 13-headed hydra
 14190 | Lair:4   | Identified the +9 mace of Makhleb's Respect {drain, rElec
                  | rF+ Int+7}
 14231 | Lair:4   | Noticed a six-headed hydra
 14242 | Lair:4   | Killed a six-headed hydra
 14521 | Lair:4   | Reached skill level 1 in Maces & Flails
 14712 | Lair:5   | Noticed Kirke
 14727 | Lair:4   | Gained mutation: Your touch may inflict irresistible damage
                  | on your foes. [demonic ancestry]
 14727 | Lair:4   | Reached XP level 13. HP: 83/101 MP: 18/24
 15997 | Lair:5   | Reached skill level 5 in Maces & Flails
 16297 | Lair:5   | HP: 3/101 [lindwurm/blast of flame[Kirke] (21)]
 16297 | Lair:5   | Mangled by a lindwurm

Illustrated notes

Levels and vault maps discovered:
D:1:      kennysheep_arrival_forest, layout_basic,
          hellmonk_ecumenical_altar_heavens_door, minmay_hexomino_f4
D:2:      minmay_chambers_of_ones, layout_rooms, uniq_terence
D:3:      wander_river, layout_basic, lemuel_crystal_altar, doesnt_xom_only_xom,
          serial_shops, shop, portal_sewer_entry_e, minmay_cupped, uniq_ijyb,
          uniq_crazy_yiuf_cottage
D:4:      layout_rooms, hangedman_glass_teeth, minmay_misc_feat_tiny,
          minmay_strange_pillars, minmay_between
D:5:      layout_cave_pods, minmay_temple_entry_glassed_door, uniq_grinder
D:6:      layout_loops_cross
D:7:      layout_basic, kennysheep_generic_room_2
D:8:      layout_basic, mainiacjoe_overflow_paths
D:9:      layout_stronghold, tgw_fedhas, mainiacjoe_overflow_catwalk_spiral
D:10:     layout_gridville, david_lair_generic, ebering_ghost_reflecting_pool,
          serial_shops, kennysheep_mini_moat, uniq_maurice
Lair:1:   layout_big_grid, grunt_megastairs_5, infiniplex_staircase_pool,
          lemuel_fruit_fields
Lair:2:   layout_roguey, nicolae_swamp_entry_splash_gauntlet, uniq_sonja
Lair:3:   layout_regular_city
Lair:4:   layout_roguey, nicolae_spider_entry_non_spiders, serial_rivers,
          chequers_serial_rivers_marsh, chequers_serial_rivers_room_b,
          chequers_serial_rivers_micro_b, chequers_serial_rivers_large_a,
          chequers_serial_rivers_room_b, chequers_serial_rivers_small_b,
          gammafunk_ghost_hydra_chop, serial_bayou_crossing
Lair:5:   layout_regular_city, nicolae_slime_entry_slimehenge,
          nicolae_volcano_entry_two_sided, nzn_masters_of_martial_movement,
          grunt_megastairs_2, uniq_kirke

Skill      XL: |  1  2  3  4  5  6  7  8  9 10 11 12 13 |
---------------+----------------------------------------+-----
Crossbows      | 4 5 6 7 8 9 10 11 | 11.0
Invocations    | 1 3 4 5 6 8 10 12 13 15 | 15.5
Fighting       | 3 4 5 6 7 8 9 |  9.2
Shields        | 1 2 3 4 5 6 7 |  7.5
Armour         | 2 4 5 7 |  7.4
Dodging        | 3 |  3.0
Maces & Flails | 1 5 |  5.5
Stealth        | |  0.9

Action                   |  1- 3 |  4- 6 |  7- 9 | 10-12 | 13-15 || total
-------------------------+-------+-------+-------+-------+-------++-------
Melee: Short sword       |    39 |       |       |       |       ||    39
       Hand crossbow     |    17 |       |       |       |       ||    17
       Punch             |     1 |       |       |       |       ||     1
       Dagger            |     9 |   108 |   317 |   409 |       ||   843
       Spear             |       |       |    36 |   509 |   110 ||   655
       Falchion          |       |       |       |    48 |       ||    48
       Hand axe          |       |       |       |    15 |       ||    15
       Mace              |       |       |       |    39 |    96 ||   135
       Unarmed           |       |       |       |       |    24 ||    24
 Fire: Hand crossbow     |    82 |    83 |    27 |   148 |    58 ||   398
Throw: Dart              |       |       |       |       |     1 ||     1
Invok: Minor Destruction |       |    21 |    65 |   166 |     8 ||   260
       Lesser Servant of |       |       |     4 |     6 |       ||    10
       Major Destruction |       |       |       |     2 |       ||     2
       Greater Servant o |       |       |       |     1 |       ||     1
  Use: Scroll            |       |       |    14 |     9 |     1 ||    24
       Potion            |       |       |       |     5 |     2 ||     7
 Stab: Distracted        |       |       |       |     1 |       ||     1
       Petrified         |       |       |       |       |     7 ||     7
Armor: Leather armour    |    49 |    10 |       |       |       ||    59
       Plate armour      |       |   137 |   248 |   958 |   221 ||  1564
       Skin              |       |       |       |       |     2 ||     2
Dodge: Dodged            |    75 |    27 |    80 |   468 |   147 ||   797
Block: Other             |    23 |     9 |       |       |     4 ||    36
       Kite shield       |       |   111 |   294 |  1521 |   348 ||  2274
